 Dungeon Crawl Stone Soup version 0.28.0-47-ge53b351184 (webtiles) character file.

Game seed: 12331594845668430837

4848 NinjaNoafa the Grappler (level 10, -3/98 HPs)
             Began as a Troll Fighter on May 4, 2022.
             Was an Initiate of Gozag.
             Slain by a yak (11 damage)
             ... on level 9 of the Dungeon.
             The game lasted 00:15:17 (6881 turns).

NinjaNoafa the Grappler (Troll Fighter)             Turns: 6881, Time: 00:15:18

Health: -3/98      AC:  5    Str: 26    XL:     10   Next: 25%
Magic:  9/9        EV: 10    Int:  4    God:    Gozag
Gold:   496        SH: 14    Dex: 13    Spells: 9/9 levels left

rFire   . . .      SeeInvis .     - Unarmed
rCold   . . .      Faith    .   b - +0 kite shield
rNeg    . . .      Spirit   .   a - +0 robe
rPois   .          Reflect  +   (helmet restricted)
rElec   .          Harm     .   t - +0 cloak
rCorr   .          Rampage  .   (gloves unavailable)
Will    +....      Clarity  +   (boots unavailable)
Stlth   +.........              v - amulet of reflection
HPRegen 1.06/turn               f - ring of willpower
MPRegen 0.11/turn               (no ring)

@: gold aura
A: large, unfitting armour, claws 3, regeneration 1, shaggy fur 1, tough skin 1,
horns 1, clarity, evolution 1
a: Renounce Religion, Potion Petition, Call Merchant, Bribe Branch


You were on level 9 of the Dungeon.
You worshipped Gozag.
Gozag was aware of your devotion.
You visited 2 branches of the dungeon, and saw 10 of its levels.
You also visited: Ossuary.

You collected 941 gold pieces.
You spent 360 gold pieces at shops.
You paid 85 gold pieces to Gozag.

Inventory:

Missiles
 i - 3 silver javelins
 m - 4 boomerangs (quivered)
 o - a throwing net
 p - 2 poisoned darts
 z - 3 curare-tipped darts
 A - 6 javelins
Armour
 a - a +0 robe (worn)
 b - a +0 kite shield (worn)
 t - a +0 cloak (worn)
Jewellery
 f - a ring of willpower (left claw)
 q - an amulet of regeneration
 v - an amulet of reflection (around neck)
Wands
 k - a wand of acid (7)
Scrolls
 e - a scroll of vulnerability
 j - a scroll of noise
 l - a scroll of magic mapping
 n - a scroll of amnesia
 u - a scroll of brand weapon
 x - a scroll of fear
Potions
 c - 2 potions of attraction
 d - 2 potions of brilliance
 g - 2 potions of magic
 h - 3 potions of degeneration
 r - 2 potions of curing
 w - a potion of haste
 B - 3 potions of heal wounds


   Skills:
 + Level 5.6 Fighting
 + Level 5.6 Dodging
 * Level 5.9 Shields
 + Level 8.5 Unarmed Combat
 - Level 5.0 Evocations


You had 9 spell levels left.
You didn't know any spells.
Your spell library contained the following spells:

 Spells                   Type           Power      Damage    Failure   Level
 Beastly Appendage        Tmut           0%         N/A       77%         1
 Blink                    Tloc           0%         N/A       88%         2
 Ensorcelled Hibernation  Hex/Ice        0%         N/A       88%         2
 Wereblood                Tmut           0%         N/A       88%         2
 Frozen Ramparts          Ice            0%         1d2       98%         3
 Spider Form              Tmut/Pois      0%         N/A       98%         3
 Anguish                  Hex/Necr       0%         N/A       100%        4
 Ice Form                 Ice/Tmut       0%         N/A       100%        4
 Summon Ice Beast         Ice/Summ       0%         N/A       100%        4
 Iskenderun's Battlesphe  Conj           0%         2d6       100%        5
 Manifold Assault         Tloc           0%         N/A       100%        5
 Iron Shot                Conj/Erth      0%         9d1       100%        6
 Spellforged Servitor     Conj/Summ      0%         N/A       100%        7
 Storm Form               Tmut/Air       0%         N/A       100%        7


Dungeon Overview and Level Annotations

Branches:
Dungeon (9/15)             Temple (1/1) D:6            Lair (0/6) D:9
Ossuary (visited)
    Orc: D:9-12

Altars:
Ashenzari
Cheibriados
Dithmenos
Elyvilon
Fedhas
Gozag
Kikubaaqudgha
Makhleb
Nemelex Xobeh
Okawaru
Qazlal
Ru
Sif Muna
Trog
Uskayaw
Vehumet
Wu Jian
Xom
Yredelemnul
Zin
The Shining One

Shops:
D:8 =


Innate Abilities, Weirdness & Mutations

You are too large for most types of armour.
You have claws for hands.
Your natural rate of healing is unusually fast.
You are covered in fur. (AC +1)
You have tough skin. (AC +1)
You have a pair of small horns on your head.
You possess an exceptional clarity of mind.
You have hidden genetic potential.


Message History

The ynoxinul barely misses you. You block the ufetubus's attack.
The ufetubus hits you but does no damage.
The kobold demonologist hits you with a +0 dagger.
The kobold barely misses you.
You scratch the kobold demonologist.
The kobold demonologist is severely wounded.
You block the ufetubus's attack.
The ufetubus hits you but does no damage.
You block the yak's attack. The ynoxinul barely misses you.
The yak closely misses you.
The kobold demonologist barely misses you.
The kobold is distracted by your dazzling golden aura.
You closely miss the kobold demonologist.
The kobold demonologist is severely wounded.
The yak is no longer distracted by gold.
You block the yak's attack. The yak gores you!
The ynoxinul gestures.
You block the yak's attack.
The kobold demonologist hits you but does no damage.
You miss the kobold demonologist.
The kobold demonologist is severely wounded.
The kobold is no longer distracted by gold.
The yak gores you! You block the yak's attack.
The ynoxinul hits you but does no damage.
The yak gores you.
You block the kobold demonologist's attack.
You block the kobold's attack.
You feel much better. You block the ufetubus's attack. x2
You block the yak's attack. x2; The yak completely misses you.
The ynoxinul hits you. The yak gores you!
You mangle the kobold!!
You kill the kobold!
The ufetubus is distracted by your dazzling golden aura.
The yak gores you. The yak gores you! You block the yak's attack.
The ynoxinul gestures at you. The iron shot hits you!!
* * * LOW HITPOINT WARNING * * *
The yak gores you!
You die...
Your body crumbles into a pile of gold.

# #. # #. # .
#.# .. #
#####..#####.
#...........
#.....K...#####
####
#....5Y5Y......
....
#....53@K5# ###
######YY5##
###$# #.# #
#.### ## #...##
#####. ###..##
#..... ##..#
#(.... ##.##
#.....


You could see a kobold demonologist, 4 yaks, a ynoxinul (summoned), a kobold
brigand and 5 ufetubi.

Vanquished Creatures
  Maggie (D:9)
  A komodo dragon (D:7)
  Grinder (D:3)
  Sigmund (D:2)
  A yak (D:9)
  A steam dragon (D:7)
  A water moccasin (D:8)
  Duvessa (D:7)
  A sky beast (D:5)
  An ice beast (D:8)
  A hornet zombie (D:8)
  An orc warrior (D:7)
  4 centaurs
  2 necrophages
  3 ogres
  3 phantoms
  A bullfrog (D:7)
  3 scorpions
  Dowan (D:7)
  7 killer bees
  10 wights (D:6)
  3 howler monkeys (D:7)
  An electric eel (D:8)
  2 human zombies (Ossuary)
  5 hounds
  3 jellies
  Crazy Yiuf (D:2)
  A centaur zombie (Ossuary)
  An orc priest (D:4)
  2 gnoll shamans
  An iguana (D:5)
  A bullfrog skeleton (D:4)
  A centaur skeleton (D:7)
  Terence (D:2)
  2 orc wizards (D:7)
  A hound skeleton (D:4)
  2 mummies (Ossuary)
  Robin (D:3)
  9 adders
  14 gnolls
  A white imp (D:5)
  3 ufetubi
  An adder zombie (Ossuary)
  A worm (D:2)
  4 dart slugs
  9 orcs
  4 bats
  6 endoplasms
  2 giant cockroaches
  22 goblins
  14 hobgoblins
  8 jackals
  7 quokkas
  9 ball pythons
  A frilled lizard (D:1)
  11 hobgoblin zombies (Ossuary)
  A jackal zombie (Ossuary)
  7 kobolds
  8 kobold zombies (Ossuary)
  11 orc zombies (Ossuary)
  3 rats
  A rat zombie (Ossuary)
232 creatures vanquished.

Vanquished Creatures (others)
  7 plants (D:8)
7 creatures vanquished.

Grand Total: 239 creatures vanquished

Notes
Turn   | Place    | Note
-------+----------+-------------------------------------------
     0 | D:1      | NinjaNoafa the Troll Fighter began the quest for the Orb.
     0 | D:1      | Reached XP level 1. HP: 22/22 MP: 0/0
   124 | D:1      | Reached XP level 2. HP: 29/29 MP: 1/1
   245 | D:1      | Reached XP level 3. HP: 36/36 MP: 2/2
   795 | D:2      | Reached skill level 3 in Unarmed Combat
   884 | D:2      | Noticed Sigmund
   895 | D:2      | Killed Sigmund
   896 | D:2      | Reached skill level 4 in Unarmed Combat
   896 | D:2      | Reached XP level 4. HP: 12/45 MP: 3/3
   896 | D:2      | Reached XP level 5. HP: 14/53 MP: 4/4
   984 | D:2      | Found a runed translucent door.
   985 | D:2      | Noticed Crazy Yiuf
  1438 | D:2      | Noticed Terence
  1442 | D:2      | Killed Terence
  1443 | D:2      | Reached XP level 6. HP: 61/61 MP: 5/5
  1604 | D:3      | Noticed Robin
  1609 | D:3      | Noticed Grinder
  1800 | D:3      | Identified the +1 ring mail of the Sneaky Invaders {rF+
                  | Regen+ rCorr Str-4}
  2041 | D:3      | Paralysed by Grinder for 2 turns
  2051 | D:3      | Paralysed by Grinder for 3 turns
  2059 | D:3      | Killed Grinder
  2133 | D:3      | Killed Robin
  2138 | D:3      | Reached XP level 7. HP: 67/67 MP: 6/6
  2236 | D:3      | Reached skill level 5 in Unarmed Combat
  2804 | D:4      | Reached skill level 6 in Unarmed Combat
  2982 | D:4      | Reached XP level 8. HP: 78/78 MP: 7/7
  3199 | D:5      | Entered Level 5 of the Dungeon
  3667 | D:5      | Reached skill level 7 in Unarmed Combat
  4049 | D:6      | Reached skill level 5 in Fighting
  4049 | D:6      | Reached skill level 5 in Shields
  4165 | D:6      | Reached skill level 5 in Dodging
  4165 | D:6      | Reached XP level 9. HP: 60/86 MP: 8/8
  4340 | D:2      | Killed Crazy Yiuf
  4525 | D:6      | Found a staircase to the Ecumenical Temple.
  4559 | Temple   | Entered the Ecumenical Temple
  4784 | Temple   | Became a worshipper of Gozag Ym Sagoz the Greedy
  4947 | D:6      | Reached skill level 8 in Unarmed Combat
  5139 | D:7      | Noticed Duvessa
  5140 | D:7      | Noticed Dowan
  5149 | D:7      | Killed Duvessa
  5153 | D:7      | Killed Dowan
  5205 | D:7      | Reached skill level 1 in Evocations
  5322 | D:7      | Noticed a komodo dragon
  5331 | D:7      | Killed a komodo dragon
  5792 | D:8      | Reached skill level 5 in Evocations
  5829 | D:8      | Found Ureatsiyhu's Jewellery Boutique.
  5838 | D:8      | Bought an amulet of reflection for 360 gold pieces
  5867 | D:8      | Reached XP level 10. HP: 89/96 MP: 9/9
  5907 | D:8      | Found a sand-covered staircase.
  5916 | Ossuary  | Entered an ossuary
  6495 | D:9      | Noticed Maggie
  6500 | D:9      | Gained mutation: You possess an exceptional clarity of
                  | mind. [potion of mutation]
  6500 | D:9      | Gained mutation: You have a pair of small horns on your
                  | head. [potion of mutation]
  6500 | D:9      | Gained mutation: You have hidden genetic potential. [potion
                  | of mutation]
  6511 | D:9      | Killed Maggie
  6568 | D:9      | Found a staircase to the Lair.
  6854 | D:9      | Noticed a sun demon
  6881 | D:9      | Slain by a yak

Illustrated notes

Levels and vault maps discovered:
D:1:      roderic_octagonal_star, layout_basic, minmay_cut_off
D:2:      cheibrodos_greedy_goblins, layout_loops_ring, uniq_crazy_yiuf_cottage,
          uniq_sigmund, uniq_terence
D:3:      layout_rooms, minmay_cupped, uniq_robin, uniq_grinder
D:4:      layout_gridville
D:5:      layout_loops_ring
D:6:      layout_loops_ring, minmay_temple_entry_waves
D:7:      layout_cave_pools, uniq_duvessa
D:8:      layout_gridville, chequers_ossuary_entry_cave, serial_shops, shop,
          serial_bayou_lagoon_a
D:9:      layout_rooms, lair_entry_dummy, uniq_maggie
Temple:   minmay_crystal_snake_temple

Skill      XL: |  1  2  3  4  5  6  7  8  9 |
---------------+----------------------------+-----
Unarmed Combat | 4 6 7 8 |  8.5
Fighting       | 3 4 5 |  5.6
Dodging        | 3 4 5 |  5.6
Shields        | 3 4 5 |  5.9
Evocations     | 5 |  5.0

Action                   |  1- 3 |  4- 6 |  7- 9 | 10-12 || total
-------------------------+-------+-------+-------+-------++-------
Melee: Unarmed           |    99 |    79 |   355 |   133 ||   666
       Headbutt          |       |       |       |     6 ||     6
Throw: Javelin           |     1 |     4 |       |       ||     5
       Boomerang         |       |     2 |     5 |       ||     7
Evoke: Wand              |       |       |     4 |     1 ||     5
  Use: Potion            |     1 |     3 |     6 |     3 ||    13
       Scroll            |       |     8 |     2 |     4 ||    14
 Stab: Sleeping          |     1 |       |       |       ||     1
       Distracted        |       |       |     1 |       ||     1
Armor: Robe              |    51 |    43 |    80 |    48 ||   222
Dodge: Dodged            |    47 |    62 |   148 |    65 ||   322
Block: Kite shield       |    39 |    50 |   147 |   146 ||   382
       Reflection        |       |       |       |     3 ||     3
